 Dungeon Crawl Stone Soup version 0.29.1-15-g9cfb28693d (webtiles) character file.

Game seed: 17962362325222206637

1110 Sanktem7 the Trooper (level 8, -1/73 HPs)
             Began as a Minotaur Fighter on Mar 9, 2023.
             Slain by Pikel
             ... wielding a +2 whip of freezing
              (3 damage)
             ... on level 4 of the Dungeon.
             The game lasted 00:06:53 (4251 turns).

Sanktem7 the Trooper (Minotaur Fighter)             Turns: 4251, Time: 00:06:54

Health: -1/73      AC:  7    Str: 23    XL:     8   Next: 11%
Magic:  7/7        EV:  9    Int:  5    God:
Gold:   276        SH:  4    Dex: 10    Spells: 7/7 levels left

rFire   . . .      SeeInvis .   a - +0 war axe {axe}
rCold   . . .      Faith    .   c - +0 buckler
rNeg    . . .      Spirit   .   b - +0 scale mail
rPois   .          Reflect  .   (helmet restricted)
rElec   .          Harm     .   (no cloak)
rCorr   .          Rampage  .   (no gloves)
Will    .....                   (no boots)
Stlth   ..........              (no amulet)
HPRegen 0.22/turn               (no ring)
MPRegen 0.10/turn               (no ring)

@: no status effects
A: horns 2, retaliatory headbutt
a: no special abilities


You were on level 4 of the Dungeon.
You visited 1 branch of the dungeon, and saw 6 of its levels.
You also visited: Sewer.

You collected 276 gold pieces.


Innate Abilities, Weirdness & Mutations

You have a pair of horns on your head.
You reflexively headbutt those who attack you in melee.


   Skills:
 * Level 7.5 Fighting
 * Level 7.0 Axes
 + Level 3.6 Throwing
 + Level 5.9 Armour
 - Level 3.6 Shields


You had 7 spell levels left.
You didn't know any spells.
Your spell library contained the following spells:

 Spells                   Type           Power      Damage    Failure   Level
 Tukima's Dance           Hex            0%         N/A       99%         3
 Passage of Golubria      Tloc           0%         N/A       100%        4
 Fireball                 Conj/Fire      0%         3d3       100%        5
 Iskenderun's Battlesphe  Conj           0%         2d6       100%        5
 Yara's Violent Unravell  Hex/Tmut       0%         3d3       100%        5
 Conjure Ball Lightning   Conj/Air       0%         3x3d6     100%        6
 Orb of Destruction       Conj           0%         9d5       100%        7

Inventory:

Hand Weapons
 a - a +0 war axe (weapon) {axe}
 o - a +1 short sword of venom {short}
   (You took it off an orc on level 3 of the Dungeon)
 w - a +3 antimagic hand axe {axe}
   (You took it off an orc on level 6 of the Dungeon)
Missiles
 e - 50 stones (quivered) {throwing}
 h - 2 javelins {throwing}
 m - 6 curare-tipped darts {=fthrowing}
 v - 2 boomerangs {throwing}
 y - 5 poisoned darts {throwing}
Armour
 b - a +0 scale mail (worn)
 c - a +0 buckler (worn)
Jewellery
 x - an amulet of faith {!P}
   (You found it on level 6 of the Dungeon)
Scrolls
 f - a scroll of brand weapon {unknown}
 g - 6 scrolls of identify {unknown}
 j - a scroll of silence {unknown}
 k - a scroll of torment {unknown}
 p - 3 scrolls of teleportation {unknown}
 q - a scroll of poison {unknown}
 s - a scroll of magic mapping {unknown}
 u - a scroll of summoning {unknown}
Potions
 d - a potion of might
 i - a potion of curing {unknown}
 l - a potion of attraction {unknown}
 n - a potion of brilliance {unknown}
 r - 2 potions of haste {@q3}
 t - a potion of cancellation {unknown}
 z - a potion of heal wounds {@q2}

Dungeon Overview and Level Annotations

Branches:
Dungeon (6/15) Zot: 25922   Sewer (visited)
 Temple: D:4-7

Altars:
Gozag
Sif Muna

Shops:
D:3 =

Annotations:
D:4 Pikel

###... ...
........... .
.. #.........
.. ..#........r
... .#.........
.... ..........
.....#...g....#
#....)g5...#.#
#@K......
##J......
....... ##.....
#.... .... ...
..


You could see Pikel, a lemure, a gnoll bouda, a gnoll (swift), an endoplasm and
a quokka (wandering).


Message History

You hit the gnoll but do no damage. You barely miss the hobgoblin.
You hit the lemure. You hit the orc.
You kill the orc!
The lemure hits you but does no damage.
The gnoll bouda barks out a call to the hunt!
The gnolls pick up the pace!
The hobgoblin completely misses you. The gnoll hits you with a +0 club.
The hobgoblin hits you. The lemure hits you. 😕 HP[-8]
You take 8 damage, and now have 59/73 hp.
You barely miss Pikel. You headbutt Pikel. You hit the lemure.
You slash the gnoll! You closely miss the hobgoblin.
The gnoll closely misses you. Pikel hits you but does no damage.
The hobgoblin closely misses you. You furiously retaliate!
You headbutt the hobgoblin!
You kill the hobgoblin!
The lemure hits you. 😕 HP[-3]
You take 3 damage, and now have 56/73 hp.
You slash Pikel! You slash the gnoll!
You kill the gnoll!
You barely miss the gnoll. You slash the lemure! The lemure closely misses you.
Pikel hits you with a +2 whip of freezing.
Pikel freezes you. 😮 HP[-3]
You take 3 damage, and now have 53/73 hp.
You slash Pikel! Your headbutt misses Pikel. You hit the lemure. x2
You slash the gnoll! You block the gnoll's attack.
The gnoll hits you from afar with a +0 spear.
The lemure barely misses you. You furiously retaliate!
You headbutt the lemure. The lemure hits you but does no damage.
Pikel hits you with a +2 whip of freezing!
Pikel freezes you. The gnoll closely misses you. 😮 HP[-13]
You take 13 damage, and now have 40/73 hp.
You slash Pikel! You barely miss the lemure. You closely miss the gnoll.
You hit the lemure. The gnoll hits you but does no damage.
The lemure completely misses you. You furiously retaliate!
You headbutt the lemure! The lemure hits you.
Pikel hits you but does no damage. The gnoll barely misses you.
The lemure hits you but does no damage. You block the lemure's attack.
Pikel barely misses you. 😮 HP[-1]
You take 1 damage, and now have 39/73 hp.
You barely miss Pikel. Your headbutt misses Pikel. You hit the lemure.
You closely miss the gnoll bouda. You miss the lemure.
The gnoll hits you but does no damage. The gnoll hits you with a +0 flail.
* * * LOW HITPOINT WARNING * * *
The lemure closely misses you. The lemure barely misses you.
You furiously retaliate!
You headbutt the lemure!
You kill the lemure!
That felt strangely unrewarding.
Pikel hits you with a +2 whip of freezing.
* * * LOW HITPOINT WARNING * * *
Pikel freezes you.
* * * LOW HITPOINT WARNING * * *
The gnoll bouda hits you with a +0 whip!
* * * LOW HITPOINT WARNING * * *
😨 HP[-19]
You take 19 damage, and now have 20/73 hp.
MASSIVE DAMAGE!! (PAUSE)
You barely miss Pikel. You headbutt Pikel, but do no damage.
You barely miss the lemure. You barely miss the endoplasm. You slash the gnoll!
You kill the gnoll!
You closely miss the gnoll bouda.
The gnoll hits you from afar with a +0 spear.
* * * LOW HITPOINT WARNING * * *
The lemure hits you!
* * * LOW HITPOINT WARNING * * *
The gnoll bouda closely misses you. You furiously retaliate!
You headbutt the gnoll bouda.
Pikel hits you with a +2 whip of freezing.
* * * LOW HITPOINT WARNING * * *
Pikel freezes you.
* * * LOW HITPOINT WARNING * * *
The endoplasm freezes you.
You are frozen.
* * * LOW HITPOINT WARNING * * *
😱 HP[-19]
You take 19 damage, and now have 1/73 hp.
MASSIVE DAMAGE!! (PAUSE) It was a potion of heal wounds.
You feel much better. The gnoll closely misses you. The lemure hits you.
* * * LOW HITPOINT WARNING * * *
You block Pikel's attack. The endoplasm freezes you.
You are frozen.
* * * LOW HITPOINT WARNING * * *
The gnoll bouda hits you with a +0 whip.
* * * LOW HITPOINT WARNING * * *
😱 HP[+11]
You regained 11 hp, and now have 12/73 hp.
You can't go up here!
Unknown command.
The gnoll barely misses you. The lemure barely misses you.
You furiously retaliate!
You headbutt the lemure!
Pikel hits you with a +2 whip of freezing!
* * * LOW HITPOINT WARNING * * *
Pikel freezes you.
You die...

Skill      XL: |  1  2  3  4  5  6  7  8 |
---------------+-------------------------+-----
Fighting       | 4 5 6 7 |  7.5
Axes           | 3 4 5 6 7 |  7.0
Throwing       | 1 2 3 |  3.6
Armour         | 4 5 |  5.9
Shields        | |  3.6

Action                   |  1- 3 |  4- 6 |  7- 9 || total
-------------------------+-------+-------+-------++-------
Melee: War axe           |    82 |   111 |    60 ||   253
       Headbutt          |     9 |    12 |    11 ||    32
  Use: Potion            |       |       |     1 ||     1
Armor: Scale mail        |    49 |    75 |    34 ||   158
Dodge: Dodged            |    53 |    67 |    46 ||   166
Block: Buckler           |    18 |    24 |    17 ||    59

Levels and vault maps discovered:
D:1:      dpeg_arrival_simpleton_b, layout_basic,
          shapermc_ecumenical_altar_mp_vishouse
D:2:      layout_rooms, basic_altar
D:3:      layout_rooms, portal_sewer_entry_a, serial_shops, shop, uniq_pargi,
          uniq_natasha
D:4:      layout_rooms, nzn_wu_jian_contemplation, ebering_ghost_rock_garden,
          nicolae_ossuary_entry_false_entrances, guppyfry_early_lair_pool,
          uniq_sigmund, uniq_pikel, uniq_menkaure
D:5:      layout_rooms, nicolae_gozag_conspicuous_consumption, serial_curves,
          eino_curves_04, eino_curves_03, minmay_misc_feat_enclosed,
          kennysheep_windowed_goal
D:6:      layout_basic

Notes
Turn   | Place    | Note
-------+----------+-------------------------------------------
     0 | D:1      | Sanktem7 the Minotaur Fighter began the quest for the Orb.
     0 | D:1      | Reached XP level 1. HP: 19/19 MP: 0/0
     0 | D:1      | magus.rc [v1.9.6]
   215 | D:1      | Reached XP level 2. HP: 27/27 MP: 1/1
   265 | D:1      | Reached skill level 4 in Fighting
   330 | D:1      | Found a faded altar of an unknown god.
   388 | D:1      | Reached skill level 3 in Axes
   434 | D:1      | Reached XP level 3. HP: 14/33 MP: 2/2
  1046 | D:1      | Reached skill level 1 in Throwing
  1100 | D:2      | Reached skill level 4 in Armour
  1123 | D:2      | Found a shimmering blue altar of Sif Muna.
  1476 | D:2      | You pick up a book of the Spheres and begin reading...
  1476 | D:2      | You add the spells Iskenderun's Battlesphere, Fireball,
                  | Conjure Ball Lightning and Orb of Destruction to your
                  | library.
  1661 | D:3      | Reached XP level 4. HP: 39/41 MP: 3/3
  1723 | D:3      | Found Kyireir's Jewellery Shoppe.
  1734 | D:3      | Noticed Pargi
  1745 | D:3      | Killed Pargi
  1746 | D:3      | Reached skill level 5 in Fighting
  1746 | D:3      | Reached skill level 4 in Axes
  1746 | D:3      | Reached XP level 5. HP: 36/48 MP: 4/4
  1784 | D:3      | Noticed Natasha
  1790 | D:3      | Killed Natasha
  1810 | D:3      | Noticed Natasha
  1826 | D:3      | Killed Natasha
  1827 | D:3      | Reached skill level 2 in Throwing
  1855 | D:3      | Found a glowing drain.
  1880 | Sewer    | Entered a sewer
  2030 | Sewer    | Noticed a water moccasin
  2039 | Sewer    | Killed a water moccasin
  2040 | Sewer    | Reached skill level 5 in Axes
  2040 | Sewer    | Reached XP level 6. HP: 47/57 MP: 5/5
  2108 | Sewer    | You add the spells Tukima's Dance, Passage of Golubria and
                  | Yara's Violent Unravelling to your library.
  2298 | D:3      | Noticed Natasha
  2311 | D:3      | Killed Natasha
  2489 | D:3      | You fall into a shaft and drop 3 floors!
  2619 | D:6      | Reached skill level 5 in Armour
  2649 | D:6      | Reached skill level 6 in Fighting
  2907 | D:6      | Reached XP level 7. HP: 60/63 MP: 6/6
  2997 | D:5      | Entered Level 5 of the Dungeon
  3336 | D:5      | Reached skill level 6 in Axes
  3336 | D:5      | Reached skill level 3 in Throwing
  3387 | D:5      | Found an opulent altar of Gozag.
  3420 | D:5      | Reached skill level 7 in Fighting
  3420 | D:5      | Found an opulent altar of Gozag.
  3420 | D:5      | Found an opulent altar of Gozag.
  3631 | D:5      | Found an opulent altar of Gozag.
  3822 | D:4      | Noticed Pikel
  3823 | D:4      | Noticed Menkaure
  3830 | D:5      | Killed Menkaure
  3831 | D:5      | Reached XP level 8. HP: 34/73 MP: 7/7
  4243 | D:4      | Reached skill level 7 in Axes
  4249 | D:4      | HP: 17/73 [gnoll/+0 spear (3)]
  4249 | D:4      | HP: 6/73 [Pikel/+2 whip of freezing (3)]
  4249 | D:4      | HP: 1/73 [frozen (4)]
  4251 | D:4      | Slain by Pikel

Vanquished Creatures
  Menkaure (D:5)
  A water moccasin (Sewer)
  Pargi (D:3)
  An ice beast (D:5)
  A black bear (D:5)
  A phantom (D:5)
  3 lemures
  A hound (D:6)
  2 jellies (D:5)
  An orc priest (D:3)
  3 iguanas
  Natasha (thrice) (D:3)
  3 orc wizards (D:6)
  9 gnolls
  An adder (D:3)
  2 worms
  A dart slug (D:1)
  11 orcs
  2 endoplasms
  5 giant cockroaches
  5 goblins
  7 hobgoblins
  4 jackals (D:1)
  A kobold (D:1)
  5 quokkas
  8 ball pythons
  11 bats
  2 frilled lizards
  10 rats
106 creatures vanquished.

Table legend:
 A = Non-vault XP
 B = Vault XP
 C = Vault XP percentage of total XP
 D = Non-vault monster count
 E = Vault monster count
 F = Vault count percentage of total count
                 A         B        C        D         E       F
            +---------+---------+-------+---------+---------+-------
      Total |    1044 |     543 |  34.2 |      87 |      16 |  15.5
            +---------+---------+-------+---------+---------+-------
        D:1 |      61 |       0 |   0.0 |      29 |       0 |   0.0
        D:2 |      20 |       0 |   0.0 |      10 |       0 |   0.0
        D:3 |     141 |     184 |  56.6 |      15 |      10 |  40.0
        D:4 |      97 |       0 |   0.0 |      11 |       0 |   0.0
        D:5 |     520 |     209 |  28.7 |      10 |       2 |  16.7
        D:6 |     205 |       0 |   0.0 |      12 |       0 |   0.0
      Sewer |       0 |     150 | 100.0 |       0 |       4 | 100.0
            +---------+---------+-------+---------+---------+-------

Illustrated notes

Table legend:
 A = Kills in this place as a percentage of kills in entire the game.
 B = Kills by you in this place as a percentage of kills by you in the entire game.
 C = Kills by friends in this place as a percentage of kills by friends in the entire game.
 D = Other kills in this place as a percentage of other kills in the entire game.
 E = Experience gained in this place as a percentage of experience gained in the entire game.
 F = Experience gained in this place divided by the number of levels of this place that you have seen.
                   A       B       C       D       E      F
               +-------+-------+-------+-------+-------+----------------------
         Total | 100.0 | 100.0 |   N/A |   N/A | 100.0 | 226.7
       Dungeon |  96.1 |  96.1 |   N/A |   N/A |  90.5 | 239.5
         Sewer |   3.9 |   3.9 |   N/A |   N/A |   9.5 | 150.0
               +-------+-------+-------+-------+-------+----------------------

Table legend: (Time is in decaauts)
 A = Elapsed time spent in this place.
 B = Non-inter-level travel time spent in this place.
 C = Inter-level travel time spent in this place.
 D = Time resting spent in this place.
 E = Time spent auto-exploring this place.
 F = Levels seen in this place.
 G = Mean time per level.
                   A        B        C        D        E       F      G
               +--------+--------+--------+--------+--------+-----+--------+
         Total |   4342 |   4311 |     31 |    391 |   3092 |   7 |  620.3 |
       Dungeon |   4085 |   4054 |     31 |    391 |   2877 |   6 |  680.8 |
         Sewer |    256 |    256 |      0 |      0 |    215 |   1 |  256.0 |
               +--------+--------+--------+--------+--------+-----+--------+

Top non-repeatable levels by time:
     D:5: 1241 daAuts
     D:1: 1117 daAuts
     D:3: 634 daAuts
     D:2: 545 daAuts
     D:6: 518 daAuts
   Sewer: 256 daAuts
     D:4: 27 daAuts
